 Dungeon Crawl Stone Soup version 0.30.0-20-g3b4254fcbd (webtiles) character file.

Game seed: 14878876864415257833

629 Graphine the Chopper (level 7, -3/61 HPs)
             Began as a Hill Orc Fighter on June 2, 2023.
             Slain by a wraith (11 damage)
             ... on level 6 of the Dungeon.
             The game lasted 00:06:55 (2520 turns).

Graphine the Chopper (Hill Orc Fighter)             Turns: 2520, Time: 00:06:56

Health: -3/61      AC:  8    Str: 20    XL:     7   Next: 48%
Magic:  9/9        EV:  9    Int:  7    God:
Gold:   91         SH:  5    Dex: 14    Spells: 6/6 levels left

rFire   . . .        s - +2 hand axe (venom)
rCold   . . .        c - +0 buckler
rNeg    . . .        b - +0 scale mail
rPois   .            (no helmet)
rElec   .            o - +0 cloak
rCorr   .            (no gloves)
SInv    .            (no boots)
Will    .....        (no amulet) Stlth
                     (no ring)
HPRegen 0.30/turn    (no ring)
MPRegen 0.11/turn

%: no passive effects
@: attractive, slowed, very slow
A: agile 1, low MP 1, evolution 1
a: no special abilities


You were on level 6 of the Dungeon.
You visited 1 branch of the dungeon, and saw 5 of its levels.

You collected 91 gold pieces.

Inventory:

Hand Weapons
 a - a +0 war axe
 i - a +2 heavy hand axe
 s - a +2 hand axe of venom (weapon)
 w - a +3 dagger
Armour
 b - a +0 scale mail (worn)
 c - a +0 buckler (worn)
 o - a +0 cloak (worn)
Magical Staves
 r - a staff of conjuration
Jewellery
 k - an amulet of faith
 m - a ring of wizardry
Wands
 u - a wand of flame (6)
Scrolls
 g - a scroll of magic mapping
 h - 2 scrolls of immolation
 p - 3 scrolls of fear
 x - a scroll of vulnerability {unknown}
Potions
 d - a potion of might
 f - a potion of degeneration
 j - 2 potions of mutation
 l - a potion of resistance {unknown}
 n - a potion of brilliance
 q - a potion of curing {unknown}
 t - 2 potions of attraction
 v - 2 potions of magic {unknown}


   Skills:
 + Level 5.2 Fighting
 * Level 6.5 Axes
 + Level 4.7 Armour
 + Level 4.7 Shields
 + Level 4.0 Invocations


You had 6 spell levels left.
You didn't know any spells.
Your spell library contained the following spells:

 Spells                   Type           Power      Damage    Failure   Level
 Magic Dart               Conj           0%         1d3       83%         1
 Blink                    Tloc           0%         N/A       93%         2
 Call Imp                 Summ           0%         N/A       93%         2
 Mephitic Cloud           Conj/Pois/Air  0%         N/A       99%         3
 Manifold Assault         Tloc           0%         N/A       100%        4
 Storm Form               Tmut/Air       0%         N/A       100%        7


Dungeon Overview and Level Annotations

Branches:
Dungeon (4/15)
 Temple: D:4-7

Altars:
Kikubaaqudgha
Uskayaw


Innate Abilities, Weirdness & Mutations

You are agile. (Dex +4, Str/Int -1)
Your magical capacity is low. (-10% MP)
You have hidden genetic potential.


Message History

* * * LOW HITPOINT WARNING * * *
The wraith drains your vigour!
You feel as though you will be slow longer.
Sorry, you're not good enough to have a special ability.
You hit the wraith but do no damage.
The wraith is severely damaged.
The wraith hits you!
* * * LOW HITPOINT WARNING * * *
The wraith hits you!
* * * LOW HITPOINT WARNING * * *
You're too confused to move!
The wraith hits you but does no damage.
You bump into the metal wall.
The wraith hits you.
* * * LOW HITPOINT WARNING * * *
The wraith drains your vigour!
You feel as though you will be slow longer.
The wraith hits you.
* * * LOW HITPOINT WARNING * * *
The wraith drains your vigour!
You feel as though you will be slow longer.
You're too confused to move!
The wraith hits you.
* * * LOW HITPOINT WARNING * * *
Okay, then.
You are too confused!
You bump into the rock wall.
You feel less invigorated.
You feel less confused. The wraith hits you.
* * * LOW HITPOINT WARNING * * *
The wraith barely misses you.
It was a potion of mutation.
You feel extremely strange.
You feel agile.
You feel a hidden potential growing inside you.
You feel less energetic. The wraith hits you.
* * * LOW HITPOINT WARNING * * *
The wraith drains your vigour!
You feel as though you will be slow longer.
It was a potion of attraction.
You feel attractive to monsters. The wraith closely misses you.
The wraith hits you!
You die... #### ## ..$ ..###... .#.... . ....# #.
Ko.

#). #W# .. ##@# .#
####.#..# #.#
........## #..#
####.##..## ###...#
..........####.....#
#########..........#
##.........#
###.......#
#####...###.#


You could see a wraith, a kobold brigand and an orc.

Vanquished Creatures
  A water moccasin (D:6)
  An orc warrior (D:6)
  An ogre (D:6)
  A scorpion (D:6)
  A hound (D:6)
  Terence (D:2)
  3 orc wizards (D:3)
  6 adders
  A white imp (D:6)
  2 worms (D:2)
  5 dart slugs
  11 orcs
  8 bats
  3 endoplasms
  4 giant cockroaches
  7 goblins
  4 hobgoblins
  3 quokkas
  5 ball pythons
  4 frilled lizards
  8 kobolds
  4 rats
84 creatures vanquished.

Notes
Turn   | Place    | Note
-------+----------+-------------------------------------------
     0 | D:1      | Graphine the Hill Orc Fighter began the quest for the Orb.
     0 | D:1      | Reached XP level 1. HP: 19/19 MP: 1/1
    20 | D:1      | Found an ancient bone altar of Kikubaaqudgha.
   137 | D:1      | Reached skill level 3 in Axes
   137 | D:1      | Reached XP level 2. HP: 27/27 MP: 2/2
   232 | D:1      | Reached skill level 1 in Invocations
   288 | D:1      | Reached XP level 3. HP: 29/33 MP: 3/3
   996 | D:2      | Reached skill level 4 in Axes
   996 | D:2      | Reached XP level 4. HP: 39/40 MP: 5/5
  1051 | D:2      | Noticed Terence
  1060 | D:2      | Killed Terence
  1264 | D:2      | Reached XP level 5. HP: 46/46 MP: 6/6
  1688 | D:3      | Reached skill level 5 in Axes
  1691 | D:3      | Reached XP level 6. HP: 48/53 MP: 6/8
  1741 | D:3      | Found a hide-covered altar of Uskayaw.
  2032 | D:4      | You fall into a shaft and drop 2 floors!
  2034 | D:6      | Noticed a water moccasin
  2044 | D:6      | Killed a water moccasin
  2279 | D:6      | Reached XP level 7. HP: 53/60 MP: 9/9
  2343 | D:6      | Reached skill level 5 in Fighting
  2343 | D:6      | Reached skill level 6 in Axes
  2474 | D:6      | Noticed a wraith
  2514 | D:6      | HP: 2/61 [wraith (7)]
  2519 | D:6      | Gained mutation: You are agile. (Dex +4, Str/Int -1)
                  | [potion of mutation]
  2519 | D:6      | Gained mutation: You have hidden genetic potential. [potion
                  | of mutation]
  2519 | D:6      | Gained mutation: Your magical capacity is low. (-10% MP)
                  | [potion of mutation]
  2520 | D:6      | Slain by a wraith

Illustrated notes

Levels and vault maps discovered:
D:1:      dpeg_arrival_lava_altar, layout_basic, chequers_serial_rivers_micro_a
D:2:      layout_rooms, grunt_ministairs_15, uniq_terence
D:3:      layout_basic, lemuel_crystal_altar
D:4:      layout_gridville, serial_shops, shop, shop, shop,
          nicolae_shop_window_shopping, nicolae_shop_getting_attention,
          uniq_natasha, uniq_grinder
D:6:      layout_basic, corexii_corridor_pit, minmay_manual_moon

Skill      XL: |  1  2  3  4  5  6  7 |
---------------+----------------------+-----
Axes           | 3 4 5 6 |  6.5
Invocations    | 1 2 3 4 |  4.0
Fighting       | 4 5 |  5.2
Armour         | 4 |  4.7
Shields        | 4 |  4.7

Action                     |  1- 3 |  4- 6 |  7- 9 || total
---------------------------+-------+-------+-------++-------
  Melee: War axe           |     7 |       |       ||     7
         Hand axe          |    86 |    88 |    43 ||   217
  Evoke: Wand              |       |       |     2 ||     2
    Use: Scroll            |     7 |     3 |       ||    10
         Potion            |       |       |     4 ||     4
 Armour: Scale mail        |    53 |    43 |     6 ||   102
  Dodge: Dodged            |    55 |    41 |    13 ||   109
  Block: Buckler           |    20 |    16 |     8 ||    44
